 Dungeon Crawl Stone Soup version 0.32-a0-411-g744942f433 (webtiles) character file.

Game seed: 13586041889198845123

20804 Bravepunisher the Pandemonic (level 12, -2/70 HPs)
             Began as a Spriggan Monk on Feb 20, 2024.
             Was a High Priest of Makhleb.
             Slain by a manticore (3 damage)
             ... on level 2 of the Lair of Beasts.
             The game lasted 00:50:57 (10518 turns).

Bravepunisher the Pandemonic (Spriggan Monk)       Turns: 10518, Time: 00:50:57

Health: -2/70      AC:  8    Str:  8    XL:     12   Next: 48%
Magic:  22/22      EV: 39    Int: 10    God:    Makhleb [*****.]
Gold:   310        SH:  0    Dex: 37    Spells: 11/11 levels left

rFire   . . .        E - +4 rapier of the Battered Knives {freeze, Will+ Str+2 Dex+4}
rCold   . . .        (no shield)
rNeg    . . .        D - +1 steam dragon scales
rPois   .            (helmet restricted)
rElec   .            b - +0 cloak
rCorr   .            (gloves unavailable)
SInv    +            (boots unavailable)
Will    +++..        u - amulet of regeneration
Stlth   +++          p - +5 ring of evasion
HPRegen 1.11/turn    o - +6 ring of dexterity
MPRegen 0.18/turn

%: no passive effects
@: spiked, attractive, hasted, very quick
A: very small, no large weapons, unfitting armour, see invisible, speed 3, horns
1, agile 1, low MP 1, robust 1
a: Renounce Religion, Minor Destruction, Lesser Servant of Makhleb, Major
Destruction, Greater Servant of Makhleb


You were on level 2 of the Lair of Beasts.
You worshipped Makhleb.
Makhleb was extremely pleased with you.
You visited 3 branches of the dungeon, and saw 14 of its levels.

You collected 886 gold pieces.
You spent 576 gold pieces at shops.

Inventory:

Hand Weapons
 E - the +4 rapier of the Battered Knives (weapon) {freeze, Will+ Str+2 Dex+4}
   (You bought it in a shop on level 10 of the Dungeon)

   Str+2:     It affects your strength (+2).
   Dex+4:     It affects your dexterity (+4).
   Will+:     It increases your willpower.
Armour
 b - a +0 cloak (worn)
 D - +1 steam dragon scales (worn)
Jewellery
 g - a ring of resist corrosion
 o - a +6 ring of dexterity (right hand)
 p - a +5 ring of evasion (left hand)
 u - an amulet of regeneration (around neck)
Wands
 a - a wand of flame (11)
 f - a wand of mindburst (8)
 y - a wand of acid (12)
Scrolls
 e - 3 scrolls of revelation {unknown}
 i - 2 scrolls of blinking {unknown}
 j - a scroll of butterflies {unknown}
 k - 3 scrolls of fear {unknown}
 m - 3 scrolls of immolation {unknown}
 r - 4 scrolls of teleportation {unknown}
 s - 4 scrolls of poison {unknown}
Potions
 c - a potion of ambrosia
 d - 2 potions of enlightenment
 h - a potion of lignification
 n - a potion of haste
 t - a potion of curing
 v - 3 potions of might
 A - 2 potions of attraction
 B - a potion of resistance
 C - a potion of heal wounds {unknown}


   Skills:
 + Level 8.0 Fighting
 * Level 7.3 Short Blades
 + Level 4.6 Armour
 - Level 10.2 Dodging
 + Level 15.2 Invocations


You had 11 spell levels left.
You didn't know any spells.
Your spell library contained the following spells:

 Spells                   Type           Power      Damage    Failure   Level
 Apportation              Tloc           0%         N/A       36%         1
 Jinxbite                 Hex            0%         N/A       50%         2
 Dazzling Flash           Conj/Hex       0%         N/A       75%         3
 Inner Flame              Hex/Fire       0%         N/A       75%         3
 Summon Ice Beast         Ice/Summ       0%         N/A       75%         3
 Volatile Blastmotes      Fire/Tloc      0%         2d10      75%         3
 Flame Wave               Conj/Fire      0%         2d4       98%         4
 Fulminant Prism          Conj/Alch      0%         3d5       98%         4
 Iskenderun's Mystic Bla  Conj/Tloc      0%         2d3       98%         4
 Olgreb's Toxic Radiance  Alch           0%         N/A       98%         4
 Sticky Flame             Fire/Alch      0%         2d4       98%         4
 Vhi's Electric Charge    Tloc/Air       0%         N/A       98%         4
 Alistair's Intoxication  Alch           0%         N/A       100%        5
 Arcjolt                  Conj/Air       0%         1d10      100%        5
 Summon Mana Viper        Hex/Summ       0%         N/A       100%        5
 Plasma Beam              Fire/Air       0%         2x1d10    100%        6
 Starburst                Conj/Fire      0%         6d3       100%        6
 Monstrous Menagerie      Summ           0%         N/A       100%        7
 Ozocubu's Refrigeration  Ice            0%         4d7       100%        7
 Discord                  Hex            0%         N/A       100%        8
 Maxwell's Capacitive Co  Air            0%         ∞         100%        8


Dungeon Overview and Level Annotations

Branches:
Dungeon (11/15)            Temple (1/1) D:5            Lair (2/5) D:9
 Shoals (0/4) Lair:2          Orc (0/2) D:10
  Snake: Lair:2-3    Spider: Lair:2-3

Altars:
Ashenzari
Cheibriados
Dithmenos
Elyvilon
Fedhas
Gozag
Hepliaklqana
Kikubaaqudgha
Makhleb
Nemelex Xobeh
Okawaru
Qazlal
Ru
Sif Muna
Trog
Uskayaw
Vehumet
Wu Jian
Xom
Yredelemnul
Zin
The Shining One

Shops:
D:3 (   D:6 !   D:10 [(!

Annotations:
D:4 Grinder
D:11 Josephine


Innate Abilities, Weirdness & Mutations

You are very small and have problems with some larger weapons.
You are too small for most types of armour.
You have supernaturally acute eyesight. (SInv)
You cover ground extremely quickly. (Speed+++)
You have a pair of small horns on your head.
You are agile. (Dex +4, Str/Int -1)
Your magical capacity is low. (-10% MP)
You are robust. (+10% HP)


Message History

The barbed spikes become lodged in your body.
Aiming: Minor Destruction (0% risk of failure)
Press: ? - help, Shift-Dir - straight line, f/p - manticore
Aim: a manticore (severely wounded)
The stone arrow hits the manticore!
You kill the manticore!
Makhleb accepts your kill.
You feel better.
Aiming: Minor Destruction (0% risk of failure)
Press: ? - help, Shift-Dir - straight line, f - manticore
Aim: a manticore The puff of flame hits the manticore!
The manticore is lightly wounded.
The manticore flicks its tail.
The volley of spikes skewers you!!
The barbed spikes become lodged in your body.
* * * LOW HITPOINT WARNING * * *
Okay, then.
A demon appears!
The manticore flicks its tail.
The volley of spikes skewers you!
The barbed spikes become lodged in your body.
* * * LOW HITPOINT WARNING * * *
Unknown command.
It was a potion of attraction.
You feel attractive to monsters.
Your neqoxec gestures at the manticore.
The manticore twists and deforms.
The manticore is attracted toward you.
It was a potion of haste.
You feel yourself speed up. The manticore completely misses you.
The manticore barely misses you. The manticore claws you.
* * * LOW HITPOINT WARNING * * *
Your neqoxec gestures at the manticore.
The manticore's mind is gnawed upon.
It was a potion of curing.
You feel better. The manticore bites you!
* * * LOW HITPOINT WARNING * * *
The manticore claws you.
* * * LOW HITPOINT WARNING * * *
The manticore claws you.
You die...

##'##.P##
#..#### ##.#.#
#...# ##..###
###..#P# .
##......# >..
#.....3.##.....
#......@H.§..#
#.......##P###
.......$..# #
##......!..#
###......##
#####P.. #####


You could see a manticore (misshapen, ally target) and a friendly neqoxec
(summoned).

Vanquished Creatures
  A two-headed ogre (D:11)
  A centaur warrior (D:9)
  3 death yaks (Lair:1)
  Pikel (D:6)
  A manticore (Lair:2)
  2 black mambas (Lair:1)
  4 elephants (Lair:2)
  4 cane toads
  A gargoyle (D:10)
  2 rime drakes (Lair:1)
  A komodo dragon (D:9)
  Prince Ribbit (D:6)
  2 trolls
  5 blink frogs (Lair:1)
  2 shadows
  4 water elementals (D:10)
  3 wraiths
  16 yaks
  3 wyverns
  A steam dragon (D:10)
  2 vampire mosquitoes (D:10)
  3 nagas (Lair:2)
  4 water moccasins
  6 orc warriors
  2 black bears
  An ice beast (D:8)
  2 sky beasts (D:8)
  3 centaurs (D:9)
  A phantom (D:4)
  2 lemures (D:6)
  5 bullfrogs
  4 scorpions
  9 wights (D:6)
  18 killer bees
  An electric eel (D:10)
  2 howler monkeys
  A hound (D:4)
  4 jellies
  4 orc priests (D:6)
  An iguana (D:6)
  9 orc wizards
  Robin (D:3)
  7 adders
  2 shadow imps (D:7)
  2 white imps
  2 ufetubi (D:5)
  2 dart slugs
  49 orcs
  8 endoplasms
  A giant cockroach (D:4)
  16 goblins
  14 hobgoblins
  9 jackals
  4 quokkas
  5 ball pythons
  5 bats
  3 frilled lizards
  10 kobolds
  4 rats
286 creatures vanquished.

Vanquished Creatures (collateral kills)
  A deep elf pyromancer (D:9)
  An ugly thing (D:9)
  A hornet (D:9)
  A wraith (D:9)
  A steam dragon (D:9)
  An acid dragon (D:9)
  An orc warrior (D:9)
  2 kobold brigands (D:9)
  A bullfrog (D:9)
  2 killer bees (D:7)
  A kobold (D:9)
13 creatures vanquished.

Grand Total: 299 creatures vanquished

Notes
Turn   | Place    | Note
-------+----------+-------------------------------------------
     0 | D:1      | Bravepunisher the Spriggan Monk began the quest for the
                  | Orb.
     0 | D:1      | Reached XP level 1. HP: 11/11 MP: 2/2
   193 | D:3      | Noticed Robin
   200 | D:3      | Found Yronoenu's Weapon Shop.
   231 | D:4      | Reached XP level 2. HP: 16/16 MP: 3/3
   278 | D:5      | Entered Level 5 of the Dungeon
   305 | D:5      | Noticed Grinder
   313 | D:5      | Found a staircase to the Ecumenical Temple.
   319 | Temple   | Entered the Ecumenical Temple
   373 | Temple   | Became a worshipper of Makhleb the Destroyer
   373 | Temple   | Reached * piety under Makhleb
   373 | Temple   | Reached ** piety under Makhleb
   473 | D:2      | Reached skill level 1 in Invocations
   476 | D:2      | Reached XP level 3. HP: 12/19 MP: 4/4
   852 | D:1      | Reached skill level 2 in Invocations
   957 | D:1      | Found a faded altar of an unknown god.
  1463 | D:2      | Reached XP level 4. HP: 18/23 MP: 6/6
  1575 | D:2      | Reached skill level 3 in Invocations
  2094 | D:3      | Killed Robin
  2133 | D:3      | Reached XP level 5. HP: 21/27 MP: 8/8
  2187 | D:3      | Reached skill level 4 in Invocations
  2192 | D:3      | Reached *** piety under Makhleb
  2432 | D:3      | Found a glowing golden altar of the Shining One.
  2689 | D:4      | Noticed a phantom
  2696 | D:4      | Killed a phantom
  2697 | D:4      | Reached skill level 5 in Invocations
  2699 | D:4      | Reached XP level 6. HP: 31/32 MP: 9/11
  3625 | D:5      | Reached skill level 6 in Invocations
  3705 | D:5      | Paralysed by Grinder for 3 turns
  3792 | D:5      | Reached XP level 7. HP: 35/35 MP: 11/13
  3952 | D:5      | Reached **** piety under Makhleb
  4027 | D:5      | Reached skill level 7 in Invocations
  4214 | D:6      | Noticed Pikel
  4298 | D:6      | Found Wuisch's Distillery.
  4328 | D:6      | Killed Pikel
  4329 | D:6      | Reached skill level 9 in Invocations
  4329 | D:6      | Reached XP level 8. HP: 39/39 MP: 13/16
  4456 | D:6      | Reached skill level 10 in Invocations
  4695 | D:6      | Noticed Prince Ribbit
  4706 | D:6      | Killed Prince Ribbit
  4755 | D:6      | Reached XP level 9. HP: 30/45 MP: 18/18
  5301 | D:7      | Reached skill level 11 in Invocations
  5931 | D:7      | Reached skill level 5 in Fighting
  6046 | D:8      | Reached skill level 5 in Dodging
  6050 | D:8      | Found a bloodstained altar of Trog.
  6209 | D:8      | Reached ***** piety under Makhleb
  6210 | D:8      | Reached skill level 12 in Invocations
  6790 | D:9      | Found a shimmering altar of Xom.
  6791 | D:9      | Found a hazy altar of Hepliaklqana.
  6791 | D:9      | Noticed an unseen horror
  6792 | D:9      | Noticed a spectral ugly thing
  6792 | D:9      | Noticed an unseen horror
  6808 | D:9      | Reached XP level 10. HP: 45/52 MP: 20/20
  7065 | D:9      | Reached skill level 1 in Armour
  7092 | D:9      | Reached skill level 13 in Invocations
  7225 | D:9      | Noticed a purple ugly thing
  7225 | D:9      | Noticed a deep elf pyromancer
  7225 | D:9      | Noticed a gargoyle
  7297 | D:10     | Entered Level 10 of the Dungeon
  7410 | D:10     | Found Xoosot's Weapon Shop.
  7412 | D:10     | Found a staircase to the Orcish Mines.
  7414 | D:10     | Found Xuyrch's Armour Shop.
  7446 | D:10     | Bought the +4 rapier of the Battered Knives {freeze, Will+
                  | Str+2 Dex+4} for 576 gold pieces
  7600 | D:10     | Reached XP level 11. HP: 58/58 MP: 22/22
  7742 | D:10     | Found Deycal's Distillery.
  8024 | D:10     | Found a white marble altar of Elyvilon.
  8100 | D:10     | Found an opulent altar of Gozag.
  8336 | D:10     | Noticed an orc knight
  8503 | D:11     | Noticed a two-headed ogre
  8516 | D:11     | Killed a two-headed ogre
  8533 | D:11     | Noticed Josephine
  8785 | D:9      | Noticed a centaur warrior
  8785 | D:9      | Noticed a purple ugly thing
  8836 | D:9      | Reached skill level 14 in Invocations
  8878 | D:9      | Killed a deep elf pyromancer
  8904 | D:9      | Killed a centaur warrior
  8908 | D:9      | Killed a purple ugly thing
  9052 | D:9      | Reached skill level 5 in Short Blades
  9119 | D:9      | Found a staircase to the Lair.
  9167 | Lair:1   | Entered Level 1 of the Lair of Beasts
  9187 | Lair:1   | Gained mutation: Your flesh is heat resistant. (rF+)
                  | [potion of mutation]
  9187 | Lair:1   | Gained mutation: Your skin changes colour to match your
                  | surroundings (Stealth+). [potion of mutation]
  9188 | Lair:1   | Lost mutation: Your flesh is heat resistant. (rF+) [potion
                  | of mutation]
  9188 | Lair:1   | Lost mutation: Your skin changes colour to match your
                  | surroundings (Stealth+). [potion of mutation]
  9188 | Lair:1   | Gained mutation: You are agile. (Dex +4, Str/Int -1)
                  | [potion of mutation]
  9188 | Lair:1   | Gained mutation: You are partially covered in iridescent
                  | scales. (AC +2) [potion of mutation]
  9188 | Lair:1   | Gained mutation: Your magical capacity is low. (-10% MP)
                  | [potion of mutation]
  9188 | Lair:1   | Gained mutation: You are somewhat resistant to further
                  | mutation. [potion of mutation]
  9189 | Lair:1   | Lost mutation: You are partially covered in iridescent
                  | scales. (AC +2) [potion of mutation]
  9189 | Lair:1   | Lost mutation: You are somewhat resistant to further
                  | mutation. [potion of mutation]
  9189 | Lair:1   | Gained mutation: You have a pair of small horns on your
                  | head. [potion of mutation]
  9189 | Lair:1   | Gained mutation: You are robust. (+10% HP) [potion of
                  | mutation]
  9266 | Lair:1   | Noticed a death yak
  9300 | Lair:1   | Killed a death yak
  9367 | Lair:1   | Noticed a death yak
  9369 | Lair:1   | Noticed a death yak
  9397 | Lair:1   | Killed a death yak
  9416 | Lair:1   | Killed a death yak
  9523 | Lair:1   | Reached XP level 12. HP: 60/69 MP: 21/21
  9655 | Lair:1   | Reached skill level 10 in Dodging
 10288 | Lair:2   | Reached skill level 15 in Invocations
 10507 | Lair:2   | Found a staircase to the Shoals.
 10518 | Lair:2   | HP: 1/70 [manticore (3)]
 10518 | Lair:2   | Slain by a manticore

Illustrated notes

Levels and vault maps discovered:
D:1:      dpeg_arrival_signposts, layout_loops_cross,
          hellmonk_ecumenical_altar_leap_of_faith, supply_closet_lemuel,
          minmay_misc_feat_ornament, chequers_serial_rivers_small_b
D:2:      layout_loops_ring
D:3:      layout_rooms, general_overflow_altar, serial_glass, glass_columns_a,
          glass_columns_a, due_unseen_surprise, serial_shops, shop, uniq_robin
D:4:      layout_basic, serial_rivers, chequers_serial_rivers_micro_c,
          chequers_serial_rivers_micro_e, chequers_serial_rivers_large_b,
          chequers_serial_rivers_micro_e
D:5:      layout_basic, minmay_temple_entry_waves, fountainhead, uniq_grinder
D:6:      layout_loops_ring, serial_shops, nicolae_shop_hallway_plus,
          uniq_prince_ribbit1, uniq_pikel
D:7:      layout_basic, nicolae_elevator_lobby_asterisk
D:8:      layout_basic, mainiacjoe_overflow_paths
D:9:      layout_cross, regret_index_temple_of_mockery, david_lair_shrubbed,
          minmay_shattered_shrine
D:10:     cheibrodos_orc_bank, layout_basic, kennysheep_little_box,
          nicolae_gozag_cash_rules_everything_around_me, orc_david_3,
          serial_shops, nicolae_shop_industrial_runoff, nicolae_water_bricks,
          nicolae_underground_beach
D:11:     layout_roguey, uniq_josephine
Temple:   nicolae_temple_elliptical
Lair:1:   layout_cellular_growth
Lair:2:   layout_roguey, minmay_shoals_entry_beasts, alex1729_snake_entry_snake

Skill      XL: |  1  2  3  4  5  6  7  8  9 10 11 12 |
---------------+-------------------------------------+-----
Invocations    | 1 2 3 5 6 9 10 12 13 14 15 | 15.2
Fighting       | 4 5 6 7 8 |  8.0
Dodging        | 6 8 9 10 | 10.2
Armour         | 2 3 4 |  4.6
Short Blades   | 5 7 |  7.3

Action                     |  1- 3 |  4- 6 |  7- 9 | 10-12 || total
---------------------------+-------+-------+-------+-------++-------
  Melee: Short sword       |    57 |    14 |     2 |       ||    73
         Whip              |       |       |    14 |     9 ||    23
         Rapier            |       |       |       |   274 ||   274
         Headbutt          |       |       |       |    36 ||    36
 Invoke: Minor Destruction |    27 |   143 |   241 |   297 ||   708
         Lesser Servant of |       |     1 |     2 |     7 ||    10
  Evoke: Wand              |       |       |    10 |    10 ||    20
    Use: Scroll            |       |       |       |    12 ||    12
         Potion            |       |       |       |     6 ||     6
   Stab: Sleeping          |       |       |       |     1 ||     1
 Armour: Robe              |    20 |     8 |    38 |     2 ||    68
         Steam dragon scal |       |       |       |    78 ||    78
  Dodge: Dodged            |    65 |    39 |    90 |   368 ||   562

Table legend: (Time is in decaauts)
 A = Elapsed time spent in this place.
 B = Non-inter-level travel time spent in this place.
 C = Inter-level travel time spent in this place.
 D = Time resting spent in this place.
 E = Time spent auto-exploring this place.
 F = Levels seen in this place.
 G = Mean time per level.
                   A        B        C        D        E       F      G
               +--------+--------+--------+--------+--------+-----+--------+
         Total |   7238 |   6901 |    337 |    159 |   4487 |  14 |  517.0 |
       Dungeon |   6249 |   5933 |    316 |    118 |   3890 |  11 |  568.1 |
        Temple |     58 |     51 |      7 |     41 |      0 |   1 |   58.0 |
          Lair |    930 |    917 |     13 |      0 |    597 |   2 |  465.0 |
               +--------+--------+--------+--------+--------+-----+--------+

Top non-repeatable levels by time:
    D:10: 870 daAuts
     D:4: 841 daAuts
  Lair:1: 735 daAuts
     D:2: 704 daAuts
     D:9: 654 daAuts
     D:7: 642 daAuts
     D:6: 617 daAuts
     D:8: 568 daAuts
     D:1: 556 daAuts
     D:5: 354 daAuts
     D:3: 324 daAuts
  Lair:2: 195 daAuts
    D:11: 114 daAuts
  Temple: 58 daAuts
